 Dungeon Crawl Stone Soup version 0.29-a0-330-g52719c12eb (webtiles) character file.

Game seed: 9114499047296383994

39 HoaS the Bolt Thrower (level 3, -2/21 HPs)
             Began as a Gargoyle Hunter on May 18, 2022.
             Slain by a goblin
             ... wielding a +2 dagger of distortion
             ... led by Robin
              (5 damage)
             ... on level 1 of the Dungeon.
             The game lasted 00:03:09 (1517 turns).

HoaS the Bolt Thrower (Gargoyle Hunter)             Turns: 1517, Time: 00:03:09

Health: -2/21      AC:  9    Str: 14    XL:     3   Next: 47%
Magic:  3/3        EV:  9    Int:  9    God:
Gold:   67         SH:  0    Dex: 15    Spells: 2/2 levels left

rFire   . . .      SeeInvis .   a - +1 hand crossbow
rCold   . . .      Faith    .   (no shield)
rNeg    + . .      Spirit   .   f - +0 scale mail
rPois   ∞          Reflect  .   (no helmet)
rElec   +          Harm     .   (no cloak)
rCorr   .          Rampage  .   (no gloves)
Will    .....                   (no boots)
Stlth   ..........              (no amulet)
HPRegen 0.07/turn               (no ring)
MPRegen 0.08/turn               (no ring)

@: no status effects
A: sickness immunity, AC +3, negative energy resistance 1, electricity
resistance, torment resistance 1, petrification resistance
a: no special abilities


You were on level 1 of the Dungeon.
You visited 1 branch of the dungeon, and saw 2 of its levels.

You collected 67 gold pieces.

Inventory:

Hand Weapons
 a - a +1 hand crossbow (weapon)
Armour
 e - a +0 plate armour
 f - a +0 scale mail (worn)
Scrolls
 c - a scroll of immolation
 d - a scroll of identify {unknown}
Potions
 b - a potion of haste {unknown}
 g - a potion of magic {unknown}
 h - a potion of ambrosia {unknown}


   Skills:
 - Level 2.1 Fighting
 + Level 5.2 Crossbows
 - Level 1.5 Dodging
 - Level 1.1 Stealth


You had 2 spell levels left.
You didn't know any spells.
Your spell library contained the following spells:

 Spells                   Type           Power      Damage    Failure   Level
 Magic Dart               Conj           0%         1d3       88%         1
 Call Imp                 Summ           0%         N/A       95%         2
 Mephitic Cloud           Conj/Pois/Air  0%         N/A       99%         3


Dungeon Overview and Level Annotations

Branches:
Dungeon (2/15)

Altars:

Annotations:
D:2 Robin


Innate Abilities, Weirdness & Mutations

You are immune to sickness and miasma.
Your stone body is resilient. (AC +3)
You are immune to poison.
You resist negative energy. (rN+)
You are resistant to electric shocks. (rElec)
You are resistant to unholy torment.
You are immune to petrification.


Message History

Shoot: a) +1 hand crossbow
Press: ? - help, Q - select action Shift-Dir - straight line, f - you
Okay, then.
You start resting.
HP restored.
You start waiting.
Done waiting.
You start waiting.
Done waiting.
You climb downwards.
Level annotation: Robin The goblin hits you but does no damage.
The goblin barely misses you.
The goblin hits you with a +2 dagger of distortion.
Space warps around you.
The goblin hits you but does no damage. x2
Space warps horribly around you! The goblin hits you but does no damage.
There is a stone staircase leading up here.
The goblin hits you but does no damage. The goblin closely misses you. x2
You climb upwards.
There is a stone staircase leading down here.
The goblin hits you but does no damage. x2
The goblin attacks as you move away! The goblin hits you but does no damage.
The goblin attacks as you move away! The goblin barely misses you.
You are too injured to fight recklessly!
You are too injured to fight recklessly!
You are too injured to fight recklessly!
Shoot: a) +1 hand crossbow
Press: ? - help, Q - select action Shift-Dir - straight line, f - goblin
Aim: a goblin, wielding a +0 club (58% to hit)
You shoot a bolt. The bolt hits the goblin!
You kill the goblin!
Shoot: a) +1 hand crossbow
Press: ? - help, Q - select action Shift-Dir - straight line, f - goblin
Aim: a goblin, wielding a +2 dagger of distortion (58% to hit)
You shoot a bolt. The bolt hits the goblin.
The goblin is moderately wounded.
The goblin hits you with a +2 dagger of distortion.
Space warps around you.
* * * LOW HITPOINT WARNING * * *
The goblin hits you but does no damage. Space warps around you.
You die...

'#.....#)#.###...................
.+.....'.#.# ####'##....########.
.#####'#.#.# #..#...........#.
....'...('.# ##.#.#..######.#.
(#######.### #.#.#..# #.#.
.'.....#.# #.#.#..######.#.
.#.###.#+# #.#.#.........##
.........# ####...##.########.
########## #.@gg.......# ####.
#)###..####.# #...# #.# #÷>#
#.###.... #.# #..# #..####..
##########.###..# ##.##....
#..........#..[.# #..#....
#..........#....# #.....##
#..........+....# #.......
#.........##...[# ###.#...


You could see 2 goblins.

Vanquished Creatures
  2 adders (D:2)
  A dart slug (D:2)
  2 endoplasms
  2 goblins
  3 hobgoblins
  A quokka (D:1)
  A ball python (D:1)
  A bat (D:1)
  5 kobolds
  2 rats (D:1)
20 creatures vanquished.

Notes
Turn   | Place    | Note
-------+----------+-------------------------------------------
     0 | D:1      | HoaS the Gargoyle Hunter began the quest for the Orb.
     0 | D:1      | Reached XP level 1. HP: 12/12 MP: 1/1
   261 | D:1      | You fall into a shaft and drop 1 floor!
   271 | D:2      | Reached XP level 2. HP: 15/17 MP: 2/2
   986 | D:2      | Reached XP level 3. HP: 21/21 MP: 3/3
  1024 | D:2      | Reached skill level 5 in Crossbows
  1102 | D:2      | Noticed Robin
  1517 | D:1      | Slain by a goblin

Illustrated notes

Levels and vault maps discovered:
D:1:      shiori_arrival_maze, layout_basic, hangedman_decor_push
D:2:      layout_loops_corners, serial_shops, shop, uniq_robin

Skill      XL: |  1  2  3 |
---------------+----------+-----
Crossbows      | 5 |  5.2
Fighting       | |  2.1
Dodging        | |  1.5
Stealth        | |  1.1

Action                   || total
-------------------------++-------
 Fire: Hand crossbow     ||    48
  Use: Scroll            ||     3
Armor: Scale mail        ||    30
Dodge: Dodged            ||    22

Table legend: (Time is in decaauts)
 A = Elapsed time spent in this place.
 B = Non-inter-level travel time spent in this place.
 C = Inter-level travel time spent in this place.
 D = Time resting spent in this place.
 E = Time spent auto-exploring this place.
 F = Levels seen in this place.
 G = Mean time per level.
                   A        B        C        D        E       F      G
               +--------+--------+--------+--------+--------+-----+--------+
         Total |   1542 |   1531 |     11 |    378 |    905 |   2 |  771.0 |
       Dungeon |   1542 |   1531 |     11 |    378 |    905 |   2 |  771.0 |
               +--------+--------+--------+--------+--------+-----+--------+

Top non-repeatable levels by time:
     D:1: 1303 daAuts
     D:2: 239 daAuts
